AoeStats
← Nitro Nick

Oasis

507969267Analyzed
3v3 RM · 13d ago on Sep 20, 2026· 16m 35s· 6 players
Game mode
Random Map
Map size
Normal (6 player)
Population
200
Speed
Normal
Resources
Standard
Victory
Conquest
Starting age
Dark Age
Ending age
Imperial Age
RankedLock teamsTeams togetherTeam positionsShared explorationLock speedFull tech treeHidden civsTurbo modeCheats
Victory
Defeat
🇨🇱 Italians · Chile
1200
+11
🇩🇰 Persians · Denmark
1186
+12
🇮🇪 Gurjaras · Ireland
1126
+15
🇳🇴 Jurchens · Norway
1093
-13
🇩🇪 Ethiopians · Germany
1093
-13
🇧🇪 Khmer · Belgium
1092
-12
hoboslayer46
6:30 Loom
13:34 Feudal Age
18:43 Castle Age
16:40 Double-Bit Axe
benny5life <3 ✌
10:29 Feudal Age
14:12 Loom
15:46 Wheelbarrow
Murderer Potato
10:15 Feudal Age
13:06 Loom
19:02 Castle Age
Lobii
10:54 Loom
13:10 Feudal Age
14:18 Horse Collar
14:25 Double-Bit Axe
Nitro Nick
11:18 Feudal Age
12:13 Loom
15:07 Castle Age
15:04 Double-Bit Axe
occido
7:08 Loom
10:15 Feudal Age
11:05 Double-Bit Axe
12:29 Scale Barding Armor
14:59 Forging
Connection lost

Rejoining the realm…

Still unreachable

The connection could not be restored.

Session expired

The server has moved on; the page needs a fresh start.